 Dungeon Crawl Stone Soup version 0.31-a0-234-gad7ace16ef (webtiles) character file.

Game seed: 14775117473137215880

493387 Morbidden the Eclecticist (level 23, 0/243 (252) HPs)
             Began as a Grey Draconian Air Elementalist on July 10, 2023.
             Was an Elder of Cheibriados.
             Killed from afar by a titan (7 damage)
             ... with a bolt of lightning
             ... on level 5 of the Vaults.
             The game lasted 02:14:48 (77765 turns).

Morbidden the Eclecticist (DrAE)                   Turns: 77765, Time: 02:14:48

HP:   0/243 (252)   AC: 32    Str: 25    XL:     23   Next: 92%
MP:   30/62         EV: 16    Int: 36    God:    Cheibriados [****..]
Gold: 4047          SH: 20    Dex: 19    Spells: 13/57 levels left

rFire   + . .        a - +7 scimitar (spect)
rCold   + + .        B - +2 kite shield {rC+}
rNeg    + . .        (body armour unavailable)
rPois   ∞            q - +2 hat
rElec   +            y - scarf {rC+ rF+}
rCorr   .            j - melded +3 pair of gloves of the Elephant {Str-2 Int+4 Dex+4}
SInv    .            A - melded +2 pair of slick slippers {slick, slippery, EV+4}
Will    +....        d - amulet of reflection
Stlth   +++          s - ring of magical power
HPRegen 0.60/turn    r - ring of magical power
MPRegen 0.38/turn

%: random rage (3%), reflection
@: statue-form, constricted, lightly drained, very slow
A: slow and powerful, torment resistance 1, boosted hp, AC +16, amphibious,
unfitting armour, cold-blooded, berserk 1, clever 1, strong 1
}: 2/15 runes: decaying, gossamer
a: End Transformation, Renounce Religion, Bend Time, Temporal Distortion, Slouch


You were on level 5 of the Vaults.
You worshipped Cheibriados.
Cheibriados was greatly pleased with you.
You were a living statue of rough stone.
You visited 10 branches of the dungeon, and saw 46 of its levels.
You visited the Abyss 1 time.
You also visited: Volcano.

You collected 8517 gold pieces.
You spent 4470 gold pieces at shops.

Inventory:

Hand Weapons
 a - a +7 spectral scimitar (weapon)
 n - a +0 demon blade of flaming
 S - a +2 dagger of venom
Missiles
 F - 41 boomerangs
 T - 13 curare-tipped darts (quivered)
 U - 4 throwing nets
Armour
 j - the +3 pair of gloves of the Elephant (melded) {Str-2 Int+4 Dex+4}
   (You found it on level 3 of the Elven Halls)

   Str:       It affects your strength (-2).
   Int:       It affects your intelligence (+4).
   Dex:       It affects your dexterity (+4).
 q - a +2 hat (worn)
 y - a scarf of resistance (worn)
 A - the +2 pair of slick slippers (melded) {slick, slippery, EV+4}
   (You acquired it on level 12 of the Dungeon)

   Slick:     Its wearer cannot be constricted, engulfed, netted or webbed.
   Slippery:  Its wearer slips away from damaging melee attacks, pulling the
   attacker onward.
   EV:        It affects your evasion (+4).
 B - a +2 kite shield of cold resistance (worn)
Magical Staves
 b - a staff of poison
Jewellery
 d - an amulet of reflection (around neck)
 m - an amulet of regeneration
 r - a ring of magical power (right fist)
 s - a ring of magical power (left fist)
 w - a ring of protection from cold
 z - a +5 ring of evasion
 D - a ring of flight
 H - a +4 ring of protection
Wands
 f - a wand of mindburst (10)
 h - a wand of light (16)
 E - a wand of flame (22)
 J - a wand of iceblast (32)
 M - a wand of charming (33)
 Y - a wand of polymorph (23)
 Z - a wand of digging (17)
Scrolls
 c - 12 scrolls of teleportation
 e - 2 scrolls of silence
 K - a scroll of immolation
 N - 4 scrolls of enchant armour
 P - 7 scrolls of poison
 W - 6 scrolls of revelation
Potions
 i - 5 potions of brilliance
 o - 4 potions of resistance
 u - 15 potions of curing
 x - 2 potions of berserk rage
 C - 4 potions of lignification
 G - 4 potions of attraction
 I - 2 potions of mutation
 O - 3 potions of invisibility
 Q - 11 potions of haste
 R - 2 potions of cancellation
 V - 5 potions of might
 X - 7 potions of enlightenment
Miscellaneous
 p - a box of beasts
 v - a condenser vane (inert)


   Skills:
 * Level 13.6 Fighting
 - Level 8.5(11.7) Short Blades
 * Level 12.7(13.7) Long Blades
 + Level 1.2 Throwing
 * Level 12.2 Dodging
 + Level 5.5 Stealth
 * Level 12.4 Shields
 * Level 9.4 Unarmed Combat
 * Level 17.7 Spellcasting
 * Level 13.1 Conjurations
 + Level 5.0 Hexes
 + Level 6.1 Translocations
 * Level 6.9 Transmutations
 * Level 5.1 Fire Magic
 + Level 6.1 Ice Magic
 + Level 14.0 Air Magic
 * Level 12.3 Earth Magic
 * Level 13.5 Invocations
 * Level 9.1 Evocations


You had 13 spell levels left.
You knew the following spells:

 Your Spells              Type           Power      Damage    Failure   Level
a - Airstrike             Air            46%        2d(7-23)  1%          4
b - Leda's Unmaking       Conj/Erth      44%        9d8       1%          6
c - Vhi's Electric Charg  Tloc/Air       100%       N/A       1%          3
d - Shock                 Conj/Air       100%       1d9       0%          1
e - Leda's Liquefaction   Hex/Erth       38%        N/A       1%          4
f - Statue Form           Tmut/Erth      52%        N/A       4%          6
g - Ignition              Fire           31%        3d10      100%        8
s - Ozocubu's Armour      Ice            66%        N/A       1%          3
x - Iskenderun's Mystic   Conj/Tloc      79%        2d16      1%          4
z - Arcjolt               Conj/Air       46%        1d56      1%          5

Your spell library contained the following spells:

 Spells                   Type           Power      Damage    Failure   Level
 Magic Dart               Conj           100%       1d8       0%          1
 Static Discharge         Conj/Air       100%       2-7/arc   0%          2
 Swiftness                Air            93%        N/A       0%          3
 Blink                    Tloc           100%       N/A       1%          2
 Ensorcelled Hibernation  Hex/Ice        100%       N/A       1%          2
 Lesser Beckoning         Tloc           100%       N/A       1%          2
 Momentum Strike          Conj/Tloc      100%       3d10      1%          2
 Passwall                 Tmut/Erth      65%        N/A       1%          2
 Poisonous Vapours        Pois/Air       100%       N/A       1%          2
 Scorch                   Fire           100%       2d9       1%          2
 Dazzling Flash           Conj/Hex       100%       N/A       1%          3
 Gell's Gravitas          Tloc           66%        N/A       1%          3
 Ignite Poison            Fire/Tmut/Pois 57%        N/A       1%          3
 Inner Flame              Hex/Fire       62%        N/A       1%          3
 Mephitic Cloud           Conj/Pois/Air  77%        N/A       1%          3
 Portal Projectile        Hex/Tloc       100%       N/A       1%          3
 Teleport Other           Tloc           66%        N/A       1%          3
 Tukima's Dance           Hex            61%        N/A       1%          3
 Volatile Blastmotes      Fire/Tloc      100%       2d18      1%          3
 Flame Wave               Conj/Fire      78%        2d17      1%          4
 Passage of Golubria      Tloc           66%        N/A       1%          4
 Petrify                  Tmut/Erth      79%        N/A       1%          4
 Sticky Flame             Conj/Fire      78%        2d9       1%          4
 Summon Lightning Spire   Summ/Air       70%        N/A       1%          4
 Freezing Cloud           Conj/Ice/Air   42%        6-21      1%          5
 Lee's Rapid Deconstruct  Erth           44%        3d21*     1%          5
 Silence                  Hex/Air        39%        N/A       1%          5
 Call Imp                 Summ           62%        N/A       2%          2
 Blade Hands              Tmut           34%        N/A       2%          5
 Borgnjor's Vile Clutch   Necr/Erth      33%        N/A       3%          5
 Call Canine Familiar     Summ           31%        N/A       4%          3
 Vampiric Draining        Necr           31%        2d8       4%          3
 Metabolic Englaciation   Hex/Ice        32%        N/A       4%          5
 Yara's Violent Unravell  Hex/Tmut       33%        3d14      4%          5
 Starburst                Conj/Fire      39%        6d11      6%          6
 Maxwell's Capacitive Co  Air            46%        ∞         32%         8
 Agony                    Necr           31%        N/A       41%         5
 Ozocubu's Refrigeration  Ice            33%        4d14      75%         7
 Summon Cactus Giant      Summ           15%        N/A       94%         6
 Haunt                    Necr/Summ      15%        N/A       100%        7
 Borgnjor's Revivificati  Necr           15%        N/A       100%        8
 Infestation              Necr           15%        N/A       100%        8
 Death's Door             Necr           15%        N/A       100%        9
 Shatter                  Erth           44%        3d34*     100%        9
 Animate Armour           Summ/Erth      Unusable   N/A       N/A         4

Dungeon Overview and Level Annotations

Branches:
Dungeon (15/15)            Temple (1/1) D:5            Lair (5/5) D:10
  Swamp (4/4) Lair:2       Spider (4/4) Lair:2        Slime (0/5) Lair:5
    Orc (2/2) D:10            Elf (3/3) Orc:2        Vaults (5/5) D:14
  Crypt (3/3) Vaults:2       Tomb (0/3) Crypt:3      Depths (4/4) D:15
    Zot (0/5) Depths:4    Volcano (visited)

Altars:
Ashenzari
Cheibriados
Dithmenos
Elyvilon
Fedhas
Gozag
Hepliaklqana
Kikubaaqudgha
Makhleb
Nemelex Xobeh
Ru
Sif Muna
Uskayaw
Vehumet
Wu Jian
Xom
Yredelemnul
Zin
The Shining One
Jiyva

Shops:
D:1 =   D:4 *   D:5 :   D:6 !   D:9 !   D:12 ***!   Orc:2 *(![(   Depths:2 [(

Portals:
Hell: Depths:1 Depths:2 Depths:4
Abyss: Depths:3
Pandemonium: Depths:2 Depths:4
Ziggurat: Depths:2

Annotations:
Elf:2 3 runed translucent doors
Crypt:1 1 runed translucent door, Ucsunolie's ghost, veteran GrFi


Innate Abilities, Weirdness & Mutations

You are a living statue of rough stone.
Your actions are slow, but your melee attacks are powerful.
You are resistant to unholy torment.
Your maximum health is greatly increased.
You are immune to poison.
Your equipment is partially melded.
((Your dull iron-grey scales are very hard. (AC +16)))
You are amphibious.
You cannot fit into any form of body armour.
You are cold-blooded and may be slowed by cold attacks.
You sometimes lose your temper in combat.
Your mind is acute. (Int +4, Str/Dex -1)
Your muscles are strong. (Str +4, Int/Dex -1)


Message History

The frost giant is engulfed in poison gas.
The frost giant looks even sicker.
The hell knight is engulfed in poison gas.
The hell knight is poisoned.
The hell knight mumbles some strange prayers to its god.
The hell knight blinks!
The tentacled monstrosity tentacle-slaps you but does no damage.
The tentacled monstrosity tentacle-slaps you.
* * * LOW HITPOINT WARNING * * *
You block the tentacled monstrosity's attack.
The tentacled monstrosity grabs you.
The tentacled monstrosity constricts you.
* * * LOW HITPOINT WARNING * * *
Unknown command.
Unknown command.
Unknown command.
Unknown command.
Unknown command.
Okay, then.
Okay, then.
Okay, then.
Okay, then.
Okay, then.
Activating: Slouch (1% risk of failure)
Press: ? - help, Dir - look around, f - activate You can feel time thicken for a moment.
Cheibriados thoroughly appreciates the change of pace.
Reactivating autopickup.
You feel a bit more experienced.
You kill the hell knight!
Cheibriados thoroughly appreciates the change of pace.
Cheibriados lowers the support of your attributes as your movement quickens.
The shadow dragon seems to regain its courage.
The frost giant looks even sicker.
The shadow dragon misses you.
The shadow dragon claws you but does no damage.
You block the shadow dragon's attack.
The titan is engulfed in freezing vapours.
The titan casts a spell at you. The bolt of lightning hits you! You resist.
You die...

#.§§po
#.§§§####
#.§§.§...
#.§§§)§§§
#§§§D.§§§
#§§C§§§§§
#C§§†####
#8X§Z.§§.
#.D#§.§§.
#..# ###
#..# #..#
#..# #..#
#..#


You could see 2 shadow dragons, a tentacled monstrosity, a titan (poisoned), a
frost giant (soul bound, very poisoned), an orc knight, a necromancer and a hell
knight simulacrum.

Vanquished Creatures
  An ancient lich (Vaults:5)
  Mara (Vaults:3)
  A royal mummy (Crypt:3)
  A golden dragon (Depths:4)
  Nikola (Depths:2)
  the Enchantress (Depths:2)
  Jory (Vaults:5)
  Arachne (Spider:2)
  A tentacled monstrosity (Swamp:2)
  Jorgrun (D:12)
  3 liches
  Mlioglotl (Spider:4)
  6 deep elf master archers (Elf:3)
  2 titans (Vaults:5)
  5 deep elf blademasters (Elf:3)
  2 quicksilver dragons
  3 ancient champions
  2 thorn hunters (Depths:2)
  An Executioner (Abyss:3)
  8 sphinxes
  A shadow dragon (Vaults:5)
  Kirke (Swamp:3)
  3 storm dragons
  3 revenants
  2 fenstrider witches (Swamp:2)
  9 fire giants
  2 draconian knights (Depths:4)
  11 vault wardens
  7 emperor scorpions
  9 deep elf sorcerers
  8 ghost moths
  An iron dragon (Vaults:5)
  3 curse skulls (Crypt:2)
  Aizul (Swamp:2)
  Louise (Spider:2)
  3 frost giants
  2 balrugs
  3 deep elf elementalists (Elf:3)
  3 orc warlords
  A draconian stormcaller (Depths:4)
  17 ironbound preservers
  8 ghouls
  A spriggan defender (Depths:2)
  A formless jellyfish (Vaults:3)
  15 very ugly things
  6 vampire knights
  10 ironbound thunderhulks
  A reaper (Crypt:2)
  5 war gargoyles
  11 stone giants
  A broodmother (Spider:3)
  3 deep elf demonologists
  2 black draconians (Depths:4)
  A dire elephant (shapeshifter) (Depths:2)
  6 dire elephants
  6 eleionomae
  6 bunyips
  2 purple draconians (Depths:4)
  3 deep elf annihilators (Elf:3)
  2 red draconians
  7 spark wasps
  5 starcursed masses
  A white draconian (Depths:4)
  6 eidola
  9 ettins
  2 shambling mangroves (Swamp:4)
  8 deep elf death magi
  2 mummy priests (Crypt:3)
  8 yaktaur captains
  5 great orbs of eyes
  4 fire dragons
  9 entropy weavers
  Fannar (D:10)
  3 deep elf high priests
  11 jiangshi
  3 rakshasas
  17 hydras
  24 vault guards (Vaults:5)
  6 ice dragons
  A peacekeeper (Vaults:4)
  A jorogumo (Spider:1)
  A fenstrider witch zombie (Crypt:3)
  3 radroaches
  8 spriggan air magi
  2 ghost crabs (Swamp:3)
  4 death knights
  A merfolk avatar (Lair:5)
  8 ironbound frosthearts
  6 ogre magi
  7 boulder beetles
  11 two-headed ogres
  12 centaur warriors
  8 alligators
  A thrashing horror (Abyss:3)
  23 dancing weapons
  2 death scarabs (Spider:1)
  3 deep troll shamans
  6 demonic crawlers
  5 tengu warriors
  10 death yaks
  A quicksilver ooze zombie (Crypt:1)
  A satyr (Depths:2)
  3 hell hogs (Depths:1)
  5 vampire magi
  4 orc high priests (Orc:2)
  8 deep troll earth magi
  7 spriggan berserkers
  7 soul eaters
  A storm dragon zombie (Crypt:3)
  3 sun demons
  14 hell knights
  2 titan skeletons (Depths:3)
  Sonja (Lair:2)
  3 sun moths
  3 salamander mystics
  3 pharaoh ants
  15 skeletal warriors
  A skyshark (Lair:4)
  The ghost of Zigma the Grappler, a novice DrMo (D:7)
  A fire crab (shapeshifter) (Elf:1)
  Amaemon (Lair:2)
  7 goliath frogs
  4 glowing orange brains
  7 deep elf knights
  A sea snake (Lair:5)
  A spriggan druid (Swamp:3)
  5 iron trolls
  2 shadow wraiths (Crypt:3)
  19 bog bodies
  3 flayed ghosts
  10 orb spiders
  15 swamp dragons
  A golden dragon zombie (Depths:1)
  A spriggan simulacrum (Crypt:3)
  43 deep trolls
  An orange crystal statue (Vaults:1)
  14 deep elf archers
  13 ironbound convokers
  2 tengu zombies
  An anaconda skeleton (Crypt:3)
  17 phantasmal warriors
  A golden dragon skeleton (Depths:3)
  A harpy (Vaults:2)
  22 deep elf zephyrmancers
  8 orc knights
  An iron giant skeleton (Crypt:3)
  10 necromancers
  A shadow dragon zombie (Crypt:2)
  13 lindwurms
  3 orc sorcerers
  7 steelbarb worms
  A stone giant zombie (Vaults:5)
  11 wizards
  30 deep elf pyromancers
  23 wolf spiders
  2 oklob plants (Spider:2)
  3 will-o-the-wisps
  A frost giant zombie (Depths:1)
  2 tengu skeletons (Vaults:3)
  9 salamanders
  5 cyclopes
  6 manticores
  49 ugly things
  5 fauns (Depths:2)
  2 worldbinders
  A rust devil (Depths:2)
  3 stone giant skeletons
  A guardian serpent (D:15)
  3 elephants (Lair:5)
  3 black mambas
  6 torpor snails
  Joseph (D:8)
  13 vault sentinels
  A water nymph (shapeshifter) (Elf:3)
  2 moths of wrath
  2 water nymphs (Depths:2)
  A formless jellyfish zombie (Crypt:1)
  7 cane toads
  2 molten gargoyles (Volcano)
  4 smoke demons (Depths:1)
  2 orange demons
  An unseen horror (D:12)
  A red draconian zombie (Crypt:3)
  12 komodo dragons
  A hellion (Depths:4)
  A spark wasp simulacrum (Depths:3)
  6 freezing wraiths
  An alligator snapping turtle skeleton (Crypt:3)
  2 tormentors
  32 yaktaurs
  2 efreet
  2 tengu conjurers
  A rime drake (Lair:5)
  27 guardian mummies (Crypt:3)
  2 ice devils (Depths:2)
  A catoblepas skeleton (Crypt:2)
  A black draconian skeleton (Crypt:1)
  2 ancient zymes (Abyss:3)
  2 meliai (Spider:4)
  12 trolls
  A tengu simulacrum (Vaults:3)
  A sea snake skeleton (Crypt:2)
  3 bloated husks
  2 wind drakes (Lair:5)
  4 polar bears
  24 tarantellas
  10 hornets
  4 dream sheep (Lair:5)
  13 tyrant leeches
  Grinder (D:6)
  4 raiju
  A boulder beetle zombie (Crypt:1)
  10 blink frogs
  A death drake skeleton (Crypt:3)
  A guardian serpent zombie (Crypt:1)
  A harpy skeleton (Crypt:3)
  21 slime creatures
  22 jumping spiders
  4 large abominations
  An iron dragon simulacrum (Vaults:2)
  5 shadows
  An ettin zombie (Crypt:2)
  9 air elementals
  A centaur simulacrum (D:11)
  A flying skull (Abyss:3)
  21 culicivoras
  A slime creature (shapeshifter) (Elf:2)
  An alligator skeleton (Crypt:1)
  6 spriggans
  2 hogs (Swamp:3)
  10 wraiths
  A vampire (D:11)
  8 water elementals
  4 wyverns
  14 ushabtiu (Crypt:3)
  A human (shapeshifter) (Elf:2)
  4 basilisks
  2 fire bats (Volcano)
  6 fire elementals
  37 yaks
  A redback (shapeshifter) (Vaults:5)
  2 steam dragons
  4 small abominations
  48 redbacks
  Edmund (D:6)
  20 vampire mosquitoes
  2 chaos spawn
  A neqoxec (Abyss:2)
  A warg (Orc:2)
  4 acid dragons
  12 water moccasins
  11 swamp worms
  A floating eye (Depths:2)
  A demonspawn skeleton (Crypt:2)
  A dream sheep zombie (Crypt:2)
  A sky beast (D:8)
  2 black bears
  19 orc warriors
  A merfolk skeleton (Crypt:1)
  4 ice beasts
  An ettin simulacrum (Vaults:2)
  9 swamp drakes
  A blink frog zombie (Crypt:3)
  5 ogres
  19 centaurs
  2 human zombies
  11 wolves
  A kobold brigand (D:9)
  A yaktaur zombie (Crypt:1)
  12 bullfrogs
  A scorpion (shapeshifter) (Depths:2)
  3 necrophages
  6 earth elementals
  5 scorpions
  3 human skeletons
  A glowing shapeshifter simulacrum (Vaults:3)
  A human simulacrum (Vaults:3)
  17 wights
  10 killer bees (D:11)
  2 spriggan zombies
  3 electric eels
  4 howler monkeys
  3 lava snakes (Volcano)
  A quasit (Abyss:2)
  29 orc priests
  A gnoll bouda (D:5)
  A hound (D:6)
  4 jellies
  A sleepcap (D:5)
  A centaur skeleton (Crypt:3)
  A boggart zombie (Crypt:3)
  39 orc wizards
  2 iguanas
  5 mummies (Crypt:3)
  5 gnolls (D:5)
  2 adders
  2 shadow imps (D:7)
  2 white imps
  3 ufetubi
  A worm (shapeshifter) (Vaults:5)
  6 worms
  3 dart slugs
  67 orcs
  7 bats
  A bat zombie (Crypt:1)
  10 endoplasms
  9 giant cockroaches
  6 goblins
  6 hobgoblins
  2 quokkas
  6 ball pythons
  A dart slug zombie (Crypt:1)
  A frilled lizard (D:2)
  A frilled lizard zombie (Crypt:2)
  A giant cockroach zombie (Crypt:2)
  5 kobolds
  A kobold skeleton (Crypt:3)
  3 rats
  A river rat skeleton (Crypt:2)
  10 spectral weapons
1876 creatures vanquished.

Vanquished Creatures (collateral kills)
  Donald (Spider:3)
  A deep elf sorcerer (Elf:1)
  A dire elephant (Vaults:3)
  A deep elf death mage (Elf:1)
  An orb spider (Spider:3)
  A wolf spider (Spider:3)
  A hornet (Swamp:2)
7 creatures vanquished.

Vanquished Creatures (others)
  An ironbound convoker (Vaults:1)
  A phantasmal warrior (Depths:4)
  A deep elf pyromancer (Elf:2)
  A bloated husk (Swamp:1)
  A water elemental (Elf:1)
  A human (Swamp:3)
  A swamp worm (Swamp:1)
  A swamp drake (Swamp:1)
  An orc priest (Vaults:5)
  2 orc wizards
  6 orcs (D:6)
  A rat (D:3)
  4 foxfires
  48 spectral weapons
70 creatures vanquished.

Grand Total: 1953 creatures vanquished

Notes
Turn   | Place    | Note
-------+----------+-------------------------------------------
     0 | D:1      | Morbidden the Draconian Air Elementalist began the quest
                  | for the Orb.
     0 | D:1      | Reached XP level 1. HP: 14/14 MP: 3/3
   110 | D:1      | Found Myuneox's Jewellery Boutique.
   294 | D:1      | Reached XP level 2. HP: 20/20 MP: 3/5
   374 | D:1      | Learned a level 2 spell: Static Discharge
  1264 | D:2      | Found a hazy altar of Hepliaklqana.
  1270 | D:2      | Reached XP level 3. HP: 27/27 MP: 2/6
  2246 | D:3      | Found a blossoming altar of Fedhas.
  2281 | D:3      | Reached skill level 1 in Fighting
  2281 | D:3      | Reached XP level 4. HP: 35/35 MP: 2/7
  2424 | D:3      | Found a broken altar of Ashenzari.
  2623 | D:3      | Found a radiant altar of Vehumet.
  2832 | D:3      | Found a faded altar of an unknown god.
  3682 | D:4      | Learned a level 4 spell: Airstrike
  4195 | D:4      | Found Inieruyrch's CLEARANCE SALE!.
  4333 | D:1      | Bought a ring of magical power for 200 gold pieces
  4499 | D:4      | Bought a scroll of blinking for 45 gold pieces
  4525 | D:5      | Entered Level 5 of the Dungeon
  4525 | D:5      | Found a staircase to the Ecumenical Temple.
  4527 | D:5      | Identified a scroll of acquirement
  4530 | D:4      | Acquired 777 gold pieces
  4603 | D:4      | Reached skill level 1 in Short Blades
  4858 | D:5      | Reached XP level 5. HP: 24/40 MP: 7/8
  4863 | Temple   | Entered the Ecumenical Temple
  5038 | Temple   | Became a worshipper of Cheibriados the Contemplative
  5181 | D:1      | Bought the ring of Shadows {Umbra +Inv Stlth+} for 400 gold
                  | pieces
  5181 | D:1      | Found the ring of Shadows {Umbra +Inv Stlth+}
  5474 | D:5      | Noticed an ice beast
  5485 | D:5      | Killed an ice beast
  5486 | D:5      | Reached skill level 3 in Spellcasting
  5486 | D:5      | Reached XP level 6. HP: 29/48 MP: 7/10
  5566 | D:5      | Found Veylir's Tremendous Tomes.
  5797 | D:5      | Noticed a water moccasin
  5816 | D:5      | Killed a water moccasin
  5817 | D:5      | Your scales start taking on a dull iron-grey colour.
  5817 | D:5      | Reached XP level 7. HP: 55/55 MP: 12/12
  6167 | D:6      | Found Kilo's Distillery.
  6175 | D:6      | Bought a potion of curing for 33 gold pieces
  6241 | D:6      | Noticed a steam dragon
  6269 | D:5      | Reached skill level 4 in Spellcasting
  6532 | D:6      | Noticed Edmund
  6544 | D:6      | Killed a steam dragon
  6545 | D:6      | Reached skill level 1 in Invocations
  6552 | D:6      | Reached * piety under Cheibriados
  6553 | D:6      | Reached XP level 8. HP: 47/62 MP: 11/14
  6554 | D:6      | Killed Edmund
  6623 | D:6      | Found a white marble altar of Elyvilon.
  6626 | D:6      | Found an ancient bone altar of Kikubaaqudgha.
  6627 | D:6      | Found a glowing silver altar of Zin.
  6631 | D:6      | Found a shimmering altar of Xom.
  6632 | D:6      | Found a glowing golden altar of the Shining One.
  6658 | D:6      | Noticed Grinder
  6684 | D:6      | Killed Grinder
  6967 | D:6      | Found a shimmering blue altar of Sif Muna.
  7275 | D:7      | Reached skill level 5 in Spellcasting
  7335 | D:7      | Found a hide-covered altar of Uskayaw.
  7460 | D:7      | Found a large runed translucent door.
  7461 | D:7      | Found a large runed translucent door.
  7466 | D:7      | Noticed Zigma's ghost (novice DrMo)
  7552 | D:7      | Reached skill level 1 in Shields
  7684 | D:7      | Reached skill level 5 in Conjurations
  7684 | D:7      | Reached XP level 9. HP: 71/71 MP: 16/16
  7798 | D:7      | Reached ** piety under Cheibriados
  8330 | D:7      | Noticed a skeletal warrior
  8330 | D:7      | Noticed a two-headed ogre
  8330 | D:7      | Noticed a troll
  8330 | D:7      | Noticed a two-headed ogre
  8330 | D:7      | Noticed a two-headed ogre
  8570 | D:8      | Noticed Joseph
  8604 | D:8      | Reached skill level 5 in Air Magic
  8608 | D:8      | Killed Joseph
  8712 | D:8      | Reached *** piety under Cheibriados
  8944 | D:9      | Noticed a tengu warrior
  8944 | D:9      | Noticed a deep elf pyromancer
  8955 | D:9      | Killed a deep elf pyromancer
  8956 | D:9      | Reached skill level 5 in Dodging
  8956 | D:9      | Reached XP level 10. HP: 48/80 MP: 18/18
  8968 | D:9      | Gained mutation: You are strong-willed. (Will+) [potion of
                  | mutation]
  8968 | D:9      | Gained mutation: Your mind is acute. (Int +4, Str/Dex -1)
                  | [potion of mutation]
  8978 | D:9      | Killed a tengu warrior
  8979 | D:9      | Reached skill level 6 in Spellcasting
  8994 | D:9      | Reached skill level 5 in Fighting
  9271 | D:9      | Found a sparkling altar of Nemelex Xobeh.
  9492 | D:9      | Noticed a two-headed ogre
  9500 | D:9      | Killed a two-headed ogre
  9501 | D:9      | Reached skill level 5 in Short Blades
  9509 | D:9      | Reached skill level 1 in Long Blades
  9710 | D:9      | Found Duviol's Distillery.
  9715 | D:9      | Bought a potion of heal wounds for 60 gold pieces
  9715 | D:9      | Bought a potion of berserk rage for 60 gold pieces
  9715 | D:9      | Bought a potion of curing for 36 gold pieces
  9715 | D:9      | Bought a potion of resistance for 120 gold pieces
  9768 | D:9      | Reached skill level 7 in Spellcasting
  9996 | D:9      | Reached **** piety under Cheibriados
 10169 | D:9      | Reached XP level 11. HP: 88/88 MP: 14/21
 10277 | D:9      | Noticed a centaur warrior
 10322 | D:10     | Entered Level 10 of the Dungeon
 10567 | D:10     | Noticed Fannar
 10577 | D:10     | Killed Fannar
 10939 | D:10     | Reached ***** piety under Cheibriados
 11195 | D:10     | Found a staircase to the Lair.
 11330 | D:10     | Found a staircase to the Orcish Mines.
 11373 | Lair:1   | Entered Level 1 of the Lair of Beasts
 11883 | Lair:1   | Reached skill level 5 in Invocations
 12468 | Lair:2   | Reached skill level 8 in Spellcasting
 12651 | Lair:2   | Found a dark tunnel.
 12656 | Volcano  | Entered a volcano
 12897 | Volcano  | Found a burning altar of Makhleb.
 12897 | Volcano  | Noticed a salamander mystic
 12904 | Volcano  | Killed a salamander mystic
 12905 | Volcano  | Reached skill level 5 in Shields
 12909 | Volcano  | Reached XP level 12. HP: 37/96 MP: 13/24
 13001 | Volcano  | Found the +3 Mad Mage's Maulers {Infuse+∞ VampMP -Cast}
 13035 | Volcano  | Noticed a red draconian
 13048 | Volcano  | Killed a red draconian
 13419 | Lair:2   | Found a hole to the Spider Nest.
 13421 | Lair:2   | Noticed a demonic crawler
 13828 | Lair:2   | Killed a demonic crawler
 14023 | Lair:2   | Found a staircase to the Swamp.
 14277 | Lair:2   | Noticed Sonja
 14292 | Lair:2   | Killed Sonja
 14399 | Lair:2   | Noticed Amaemon
 14407 | Lair:2   | Killed Amaemon
 14408 | Lair:2   | Reached skill level 5 in Long Blades
 14411 | Lair:2   | Reached skill level 1 in Throwing
 15429 | Lair:3   | Noticed a death yak
 15429 | Lair:3   | Noticed a death yak
 15429 | Lair:3   | Noticed a death yak
 15429 | Lair:3   | Noticed a death yak
 15438 | Lair:3   | Killed a death yak
 15448 | Lair:3   | Killed a death yak
 15450 | Lair:3   | Killed a death yak
 15456 | Lair:3   | Killed a death yak
 15931 | Lair:3   | Reached skill level 9 in Spellcasting
 16570 | Lair:4   | Noticed a death yak
 16571 | Lair:4   | Noticed a death yak
 16573 | Lair:4   | Noticed a death yak
 16575 | Lair:4   | Noticed a death yak
 16575 | Lair:4   | Noticed a death yak
 16575 | Lair:4   | Noticed a death yak
 16577 | Lair:4   | Killed a death yak
 16581 | Lair:4   | Killed a death yak
 16582 | Lair:4   | Reached XP level 13. HP: 88/105 MP: 12/26
 17483 | Lair:4   | Learned a level 5 spell: Arcjolt
 17841 | Lair:4   | Learned a level 3 spell: Vhi's Electric Charge
 17879 | Lair:5   | Entered Level 5 of the Lair of Beasts
 17965 | Lair:5   | Reached skill level 1 in Translocations
 18528 | Lair:5   | Noticed a dire elephant
 18592 | Lair:5   | Reached skill level 10 in Spellcasting
 18889 | Lair:5   | Identified the +1 leather armour of the Turtle {Rampage
                  | Int+4 Stlth+}
 19001 | Lair:5   | Found a viscous altar of Jiyva.
 19001 | Lair:5   | Found a staircase to the Slime Pits.
 19141 | Lair:5   | Killed a dire elephant
 19650 | Lair:5   | Learned a level 4 spell: Leda's Liquefaction
 19676 | Lair:5   | Reached ****** piety under Cheibriados
 19963 | Lair:5   | Found a staircase to the Slime Pits.
 19967 | Lair:5   | Found a viscous altar of Jiyva.
 20730 | D:11     | Reached XP level 14. HP: 114/114 MP: 28/28
 21501 | D:11     | Reached skill level 1 in Earth Magic
 21741 | D:12     | Noticed Jorgrun
 21748 | D:12     | Killed Jorgrun
 22000 | D:12     | Found Tumaang's Distillery.
 22024 | D:12     | Bought 2 potions of heal wounds for 110 gold pieces
 22024 | D:12     | Bought a potion of heal wounds for 55 gold pieces
 22093 | D:12     | Reached skill level 1 in Hexes
 22125 | D:12     | Found a shadowy altar of Dithmenos.
 22150 | D:12     | Identified the +1 hand axe "Dragon's Tongue" {pain, rC+
                  | Str+3}
 23037 | D:12     | Found Atavauxu's Assorted Antiques.
 23044 | D:12     | Bought a fuming dark potion for 28 gold pieces
 23244 | D:12     | Found Sopn's Assorted Antiques.
 23252 | D:12     | Bought a pair of runed boots for 210 gold pieces
 23472 | D:12     | Found Ungeamuc's Assorted Antiques.
 23956 | D:7      | Identified the staff of the Little People {Fragile rC+ rN+
                  | Will+ Ice}
 24138 | D:7      | Killed Zigma's ghost
 24388 | D:9      | Reached skill level 11 in Spellcasting
 24845 | D:13     | You fall into a shaft and drop 2 floors!
 24845 | D:15     | Entered Level 15 of the Dungeon
 25330 | D:15     | Reached XP level 15. HP: 123/123 MP: 19/30
 25954 | D:15     | Found the +3 pair of seven-league boots {Rampage+∞}
 26019 | D:15     | Found a staircase to the Depths.
 26289 | D:15     | Found a shadowy altar of Dithmenos.
 26547 | D:14     | Found an ancient bone altar of Kikubaaqudgha.
 26588 | D:14     | Found a gate to the Vaults.
 28895 | Orc:1    | Entered Level 1 of the Orcish Mines
 29290 | Orc:1    | Reached skill level 10 in Air Magic
 29379 | Orc:2    | Entered Level 2 of the Orcish Mines
 29386 | Orc:2    | Found a staircase to the Elven Halls.
 29668 | Orc:2    | Found Totroul's General Store.
 30103 | Orc:2    | Reached skill level 1 in Evocations
 30104 | Orc:2    | Found Xisoariu's Distillery.
 30104 | Orc:2    | Found Dies's Weapon Boutique.
 30104 | Orc:2    | Found Ahoulull's Armour Boutique.
 30111 | Orc:2    | Found Zohus's Antique Weapon Shop.
 30566 | D:12     | Bought a scroll of acquirement for 1664 gold pieces
 30566 | D:12     | Acquired the +2 pair of slick slippers {slick, slippery,
                  | EV+4}
 30566 | D:12     | Found the +2 pair of slick slippers {slick, slippery, EV+4}
 30784 | Swamp:1  | Entered Level 1 of the Swamp
 31254 | Swamp:1  | Reached XP level 16. HP: 79/132 MP: 8/31
 31259 | Swamp:1  | Reached skill level 5 in Earth Magic
 31987 | Swamp:2  | Reached skill level 12 in Spellcasting
 32029 | Swamp:2  | Noticed Aizul
 32045 | Swamp:2  | Killed Aizul
 32264 | Swamp:2  | Reached skill level 5 in Translocations
 32751 | Swamp:2  | Noticed a tentacled monstrosity
 32764 | Swamp:2  | Killed a tentacled monstrosity
 33065 | Swamp:2  | Found the +5 glaive of the Guard {elec, spectral, AC+5}
 34080 | Swamp:3  | Noticed Kirke
 34093 | Swamp:3  | Killed Kirke
 34796 | Swamp:4  | Entered Level 4 of the Swamp
 35589 | Swamp:4  | HP: 6/133 [poison (poison gas)]
 36263 | Swamp:4  | Reached XP level 17. HP: 87/139 MP: 4/33
 36702 | Swamp:4  | Reached skill level 5 in Hexes
 36717 | Swamp:4  | Got a decaying rune of Zot
 36991 | Swamp:4  | Reached skill level 1 in Unarmed Combat
 37078 | Swamp:4  | Learned a level 4 spell: Iskenderun's Mystic Blast
 37572 | Spider:1 | Entered Level 1 of the Spider Nest
 37597 | Spider:1 | Learned a level 3 spell: Ozocubu's Armour
 38334 | Spider:1 | Found a runed translucent door.
 38459 | Spider:1 | Reached skill level 13 in Spellcasting
 38733 | Spider:1 | Reached skill level 10 in Fighting
 39764 | Spider:1 | Reached skill level 10 in Conjurations
 40052 | Spider:1 | Reached skill level 1 in Ice Magic
 41158 | Spider:2 | Noticed Arachne
 41171 | Spider:2 | Killed Arachne
 42447 | Spider:2 | Noticed Louise
 42457 | Spider:2 | Killed Louise
 42458 | Spider:2 | Reached XP level 18. HP: 149/149 MP: 2/35
 43102 | Spider:3 | Noticed Donald
 43108 | Spider:3 | Killed Donald
 44096 | Spider:4 | Entered Level 4 of the Spider Nest
 44798 | Spider:4 | Got a gossamer rune of Zot
 44920 | Spider:4 | Reached skill level 10 in Invocations
 45859 | Spider:4 | Noticed Mlioglotl
 45877 | Spider:4 | Killed Mlioglotl
 46924 | Elf:1    | Entered Level 1 of the Elven Halls
 46929 | Elf:1    | Paralysed by an air elemental for 1 turns
 46933 | Elf:1    | Paralysed by an air elemental for 1 turns
 46941 | Elf:1    | Reached skill level 5 in Evocations
 47402 | Elf:1    | Reached skill level 14 in Spellcasting
 47497 | Elf:1    | Reached skill level 10 in Long Blades
 47824 | Abyss:2  | Cast into level 2 of the Abyss (a deep elf sorcerer)
 47968 | Abyss:2  | Found a corrupted altar of Lugonu.
 48010 | Abyss:2  | Found a corrupted altar of Lugonu.
 48147 | Abyss:2  | Gained mutation: You occasionally lose the ability to read
                  | scrolls when taking damage. [a neqoxec]
 48148 | Abyss:2  | Gained mutation: You are weak. (Str -2) [a neqoxec]
 48149 | Abyss:2  | Gained mutation: You are very weak. (Str -4) [a neqoxec]
 48151 | Abyss:2  | Lost mutation: Your mind is acute. (Int +4, Str/Dex -1)
                  | [potion of mutation]
 48151 | Abyss:2  | Lost mutation: You occasionally lose the ability to read
                  | scrolls when taking damage. [potion of mutation]
 48151 | Abyss:2  | Lost mutation: You are very weak. (Str -4) [potion of
                  | mutation]
 48151 | Abyss:2  | Gained mutation: You occasionally lose the ability to drink
                  | potions when taking damage. [potion of mutation]
 48152 | Abyss:2  | Lost mutation: You occasionally lose the ability to drink
                  | potions when taking damage. [potion of mutation]
 48152 | Abyss:2  | Lost mutation: You are strong-willed. (Will+) [potion of
                  | mutation]
 48152 | Abyss:2  | Lost mutation: You are weak. (Str -2) [potion of mutation]
 48152 | Abyss:2  | Gained mutation: You sometimes lose your temper in combat.
                  | [potion of mutation]
 48152 | Abyss:2  | Gained mutation: Your mind is acute. (Int +4, Str/Dex -1)
                  | [potion of mutation]
 48152 | Abyss:2  | Gained mutation: Your muscles are strong. (Str +4, Int/Dex
                  | -1) [potion of mutation]
 48351 | Abyss:2  | Found a corrupted altar of Lugonu.
 48379 | Abyss:2  | Found a stormy altar of Qazlal.
 48993 | Elf:1    | Escaped the Abyss
 49214 | Elf:1    | Reached skill level 5 in Stealth
 49359 | Elf:1    | Paralysed by an air elemental for 1 turns
 49581 | Elf:1    | Reached skill level 10 in Dodging
 49857 | Elf:1    | Reached XP level 19. HP: 153/156 MP: 24/37
 50603 | Elf:2    | Found a runed translucent gate.
 50603 | Elf:2    | Found a runed translucent gate.
 50603 | Elf:2    | Found a runed translucent gate.
 50795 | Elf:2    | Reached skill level 5 in Unarmed Combat
 51310 | Vaults:1 | Entered Level 1 of the Vaults
 51834 | Vaults:1 | Reached skill level 10 in Shields
 53454 | Vaults:2 | Reached skill level 5 in Ice Magic
 54051 | D:5      | Bought Sif Muna's Treatise on the Mesa for 1344 gold pieces
 54058 | D:5      | Learned a level 6 spell: Leda's Unmaking
 54065 | D:5      | Learned a level 6 spell: Statue Form
 55091 | Vaults:2 | Reached skill level 1 in Transmutations
 55280 | Vaults:2 | Found a staircase to the Crypt.
 55280 | Vaults:2 | Found a basalt altar of Yredelemnul.
 55280 | Vaults:2 | Found an ancient bone altar of Kikubaaqudgha.
 55662 | Vaults:3 | Noticed Mara
 55666 | Vaults:3 | Noticed Morbidden's illusion
 55681 | Vaults:3 | Noticed Morbidden's illusion
 55682 | Vaults:3 | Killed Mara
 55875 | Vaults:3 | Reached XP level 20. HP: 138/166 MP: 34/38
 57660 | Vaults:3 | Reached skill level 15 in Spellcasting
 58008 | Vaults:3 | Identified the staff of Fate {rElec rPois rF+ Int-5 Fire}
 59070 | Vaults:4 | Acquired 860 gold pieces
 59147 | Vaults:4 | Paralysed by a great orb of eyes for 2 turns
 60374 | Elf:3    | Entered Level 3 of the Elven Halls
 61138 | Elf:3    | Reached skill level 10 in Earth Magic
 61154 | Elf:3    | Reached XP level 21. HP: 114/173 MP: 40/40
 61846 | Elf:3    | Identified the +3 pair of gloves of the Elephant {Str-2
                  | Int+4 Dex+4}
 62137 | Elf:3    | Identified the +9 longbow "Sarcophage" {flame, Will+ Dex+2}
 62149 | Elf:3    | Identified the +9 dagger of Anguish {heavy, rC+ Will+ Dex-3
                  | SInv}
 62152 | Elf:3    | Identified the +8 sling "Aschicwo" {flame, Int+3}
 62258 | Elf:3    | Identified the +3 ring mail of Jomuudgh {-Tele rC+ rN+}
 62273 | Elf:3    | Identified the staff of the Winnowing Scorpion {rElec rPois
                  | rC- rCorr Str-3 Poison}
 62515 | Depths:1 | Entered Level 1 of the Depths
 62530 | Depths:1 | Found an ornate altar of the Wu Jian Council.
 63462 | Depths:1 | Found a gateway to Hell.
 63999 | Depths:1 | Learned a level 8 spell: Ignition
 64051 | Depths:1 | Reached skill level 16 in Spellcasting
 64527 | Depths:1 | Found a white marble altar of Elyvilon.
 65870 | Depths:2 | Noticed the Enchantress
 65874 | Depths:2 | Killed the Enchantress
 65875 | Depths:2 | Reached skill level 1 in Fire Magic
 66259 | Depths:2 | Found a one-way gateway to a ziggurat.
 66451 | Depths:2 | Found Ceuluefip's Antique Armour Emporium.
 66555 | Depths:2 | Found Mautwij's Weapon Shoppe.
 66561 | Depths:2 | Bought 4 curare-tipped darts for 105 gold pieces
 66577 | Depths:2 | Noticed Nikola
 66589 | Depths:2 | Killed Nikola
 66931 | Depths:2 | Found a one-way gate leading to the halls of Pandemonium.
 66987 | Depths:2 | Reached XP level 22. HP: 175/183 MP: 14/42
 68044 | Depths:3 | Found a one-way gate to the infinite horrors of the Abyss.
 68201 | Depths:3 | Reached skill level 5 in Transmutations
 68542 | Depths:3 | You fall into a shaft and drop 1 floor!
 68542 | Depths:4 | Entered Level 4 of the Depths
 69154 | Depths:4 | Got the Parchment of the Impure Salamander
 69586 | Depths:4 | Noticed a golden dragon
 69598 | Depths:4 | Killed a golden dragon
 70267 | Depths:4 | Found a gate to the Realm of Zot.
 70687 | Depths:4 | Found a glowing golden altar of the Shining One.
 71208 | Crypt:1  | Entered Level 1 of the Crypt
 71604 | Crypt:1  | Paralysed by something for 4 turns
 71984 | Crypt:1  | Reached skill level 17 in Spellcasting
 72376 | Crypt:1  | Noticed Ucsunolie's ghost (veteran GrFi)
 72379 | Crypt:1  | Found a runed translucent door.
 73472 | Crypt:2  | Reached XP level 23. HP: 188/192 MP: 16/44
 74732 | Crypt:3  | Entered Level 3 of the Crypt
 75258 | Crypt:3  | Found a staircase to the Tomb.
 75707 | Crypt:3  | Identified the +4 sling of Context {flame, rElec}
 75900 | Crypt:3  | Identified the +5 whip of Dominance {drain, Fly rElec rCorr
                  | Int-3}
 76686 | Crypt:3  | Noticed a royal mummy
 76699 | Crypt:3  | Killed a royal mummy
 77307 | Crypt:3  | Got Xumyleedgh's Quarto of Ectoplasm
 77308 | Crypt:3  | Identified the +1 rapier of Bearav {vamp, Str+5}
 77324 | Crypt:3  | Identified the staff "Kukkori" {rPois Dex+5 Poison}
 77493 | Vaults:5 | Entered Level 5 of the Vaults
 77493 | Vaults:5 | Noticed Jory
 77502 | Vaults:5 | Killed Jory
 77722 | Vaults:5 | Noticed an ancient lich
 77730 | Vaults:5 | Killed an ancient lich
 77731 | Vaults:5 | Reached skill level 5 in Fire Magic
 77736 | Vaults:5 | Noticed an ancient lich
 77760 | Vaults:5 | Identified the amulet "Tafy Ria" {Acrobat rElec rC+ Will+
                  | Dex+3}
 77761 | Vaults:5 | HP: 10/228 [shadow dragon/bolt of negative energy (21)]
 77765 | Vaults:5 | Killed from afar by a titan

Illustrated notes

Levels and vault maps discovered:
D:1:      eino_arrival_water_star, layout_basic, serial_shops,
          nicolae_shop_peninsula, minmay_liquid_box, st_stairs_8
D:2:      layout_basic, basic_altar, st_stairs_1
D:3:      layout_loops_cross, mainiacjoe_overflow_alcove_1, fiery_altar_vehumet,
          mainiacjoe_overflow_concentric_impassable,
          ebering_ecumenical_altar_petrified, minivault_27
D:4:      layout_gridville, nicolae_shop_clearance
D:5:      layout_loops_ring, minmay_temple_entry_large_hall,
          hangedman_decor_opposing, nicolae_shop_i_like_big_books
D:6:      layout_basic, kennysheep_mini_moat, minitemple, serial_shops,
          nicolae_shop_industrial_runoff, uniq_edmund, uniq_grinder
D:7:      minmay_the_grid_triangle_9x9_rhombus_thin
          [minmay_the_grid_triangle_9x9_limited_checkers,
          minmay_the_grid_triangle_9x9_prize_top_heavy,
          minmay_the_grid_triangle_9x9_from_above,
          minmay_the_grid_triangle_9x9_empty], layout_basic,
          mainiacjoe_overflow_small_starburst, ebering_ghost_disaster_area,
          minmay_misc_feat_iff
D:8:      layout_rooms, uniq_joseph
D:9:      minmay_slanted_spiral_squares, layout_loops_ring, serial_shops,
          shop_statue, minmay_ruined_shrine
D:10:     layout_basic, grunt_lair_entry_orc_guard_hut, orc_0_dummy, uniq_fannar
D:11:     layout_basic, minmay_mirror_moons_of_madness
D:12:     hangedman_cross_cluster, layout_stronghold, serial_shops,
          nicolae_shop_trees, shop, nicolae_shop_back_alley_shop, shop,
          uniq_jorgrun
D:13:     layout_irregular_city
D:14:     cheibrodos_lost_city_excavation, layout_loops_ring, david_vaults_2,
          lemuel_doored_altar
D:15:     hangedman_depths_entry_try_elsewhere_first, layout_cave_pools,
          grunt_dithmenos_shadows, hellmonk_guarded_unrand_seven_league_boots
Temple:   nicolae_temple_slightly_damp_pantheon
Lair:1:   layout_regular_city
Lair:2:   layout_hall_layers, skrybe_swamp_entry_bodies,
          nicolae_spider_entry_non_spiders, nicolae_volcano_entry_s_turn,
          infiniplex_staircase_pool_2, serial_bayou_shore_b, uniq_amaemon,
          uniq_sonja
Lair:3:   layout_cave_shapes, serial_bayou_shore_a
Lair:4:   layout_cave_pods, grunt_megastairs_3
Lair:5:   gammafunk_lair_ancient_temple, layout_gridlike,
          nicolae_slime_entry_slimehenge
Swamp:1:  layout_basic_swamp, evilmike_swamp_ruin_house_5
Swamp:2:  nzn_winding_woodlands_small
          [nzn_winding_woodlands_5x15_pathside_ponds,
          nzn_winding_woodlands_center_triple_pond,
          nzn_winding_woodlands_5x15_pool], layout_basic_swamp,
          evilmike_swamp_ruin_house_1, uniq_aizul
Swamp:3:  layout_falls_marsh, evilmike_swamp_ruin_house_3, uniq_kirke
Swamp:4:  swamp_basic_johnstein, layout_basic_swamp, swamp_pool1
Spider:1: cheibrodos_spider_deadly_dance, nicolae_spider_some_kinda_spiderbox
Spider:2: spider_temple_joshua, uniq_arachne, uniq_louise
Spider:3: layout_spider_delve, uniq_donald
Spider:4: grunt_spider_rune_island, guppyfry_spider_mini_3, uniq_mlioglotl
Orc:1:    layout_caves
Orc:2:    st_orc_mages, layout_caves, serial_shops, nicolae_shop_tiny_waterfront
Elf:1:    nicolae_elf_arrival_aired_out, layout_loops_cross, evilmike_minifort
Elf:2:    elven_hall_of_blades_hangedman_original [nooodl_blade_entry_preview],
          layout_gridlike
Elf:3:    minmay_elf_hall, layout_geoelf_grid
Vaults:1: nicolae_vaults_statue_guard, v_misc_10, nicolae_vaults_wrenched,
          nicolae_vaults_ellipses_ellipsis, nicolae_vaults_six-pack,
          hangedman_vaults_river_flow, nicolae_vaults_rhombus_5,
          nicolae_vaults_big_ls, nicolae_vaults_house_2, vaults_dpeg_diagonal,
          vaults_room_pool, ontoclasm_vaults_shuriken, layout_vaults_omnibox
Vaults:2: minmay_crypt_entry_necro_gods, ontoclasm_vaults_gateway,
          grunt_vaults_hallway_long, vaults_mumra_chevron, vaults_dpeg_cross,
          nicolae_vaults_diamond_2, nicolae_vaults_windows_and_doors_thing,
          nicolae_vaults_storage_room_statues, nicolae_vaults_murderbox,
          layout_vaults_omnigrid
Vaults:3: v_rooms_3, nicolae_vaults_three_branches,
          nicolae_vaults_shrinking_rooms_1, nicolae_vaults_storage_closets_2,
          nicolae_vaults_hexular_roomagon, ontoclasm_vaults_spin,
          ontoclasm_vaults_eye, nicolae_vaults_oval_intersection,
          nicolae_vaults_little_squares_6, ontoclasm_vaults_loading_screen,
          layout_vaults_chaotic_city, uniq_mara
Vaults:4: hangedman_vaults_nails, nicolae_vaults_oval_intersection,
          nicolae_vaults_circle_grid_a, nicolae_vaults_double_plus_1,
          nicolae_vaults_closet_pinwheel_4, v_alt_pattern_2,
          hangedman_vaults_impose, nicolae_vaults_trapezoid_1,
          nicolae_vaults_network_barrier, hangedman_vaults_maws,
          layout_vaults_maze_snakey
Vaults:5: serial_shops, uniq_xtahua, uniq_bai_suzhen, uniq_jory
Crypt:1:  layout_regular_city, hellmonk_ghost_happy_afterlife,
          grunt_megastairs_5
Crypt:2:  layout_misc_corridors, nicolae_crypt_ancient_font, grunt_megastairs_4
Crypt:3:  due_elkab, layout_chaotic_city
Depths:1: layout_honeycomb, hellmouth_3, pdpol_wu_jian_five_deadly_venoms,
          drop_trap, elyvilon_altar_3
Depths:2: grunt_forest_end_winery, layout_honeycomb, enter_ziggurat_b,
          rand_demon_pan_entry_5, hell_entry, nicolae_two_hexagons,
          minmay_shoptagon, uniq_nikola
Depths:3: kennysheep_green_arena, layout_basic, minmay_staircase_statues,
          grunt_mini_vestibule, nicolae_abyss_entry_one_way_or_another,
          nicolae_twisty_statue_hallways
Depths:4: grunt_zot_entry_pinwheel, layout_cave_pools,
          nicolae_tso_carved_into_rock, hell_entry, rand_demon_pan_entry_4,
          minmay_three_doors

Skill      XL: |  1  2  3  4  5  6  7  8  9 10 11 12 13 14 15 16 17 18 19 20 21 22 23 |
---------------+----------------------------------------------------------------------+-----
Dodging        | 2 3 4 5 6 7 8 9 10 11 12 | 12.2
Fighting       | 1 2 3 4 5 6 7 8 9 10 11 12 13 | 13.6
Conjurations   | 2 3 4 5 6 7 8 9 10 11 12 13 | 13.1
Short Blades   | 1 2 3 4 5 6 7 8 |  8.5
Stealth        | 2 3 4 5 |  5.5
Spellcasting   | 3 4 5 7 8 9 10 11 12 13 14 15 16 17 | 17.7
Air Magic      | 4 3 4 5 6 7 8 9 10 11 12 13 14 | 14.0
Invocations    | 1 2 3 4 5 6 7 8 9 10 11 12 13 | 13.5
Shields        | 1 2 4 5 6 7 8 9 10 11 12 | 12.4
Long Blades    | 1 4 5 6 7 8 9 10 11 12 | 12.7
Throwing       | 1 |  1.2
Translocations | 3 4 5 6 |  6.1
Earth Magic    | 3 4 6 7 8 9 10 11 12 | 12.3
Hexes          | 2 3 4 5 |  5.0
Evocations     | 1 3 4 5 6 7 8 9 |  9.1
Unarmed Combat | 3 4 6 7 8 9 |  9.4
Ice Magic      | 2 4 5 6 |  6.1
Transmutations | 1 3 4 5 6 |  6.9
Fire Magic     | 1 3 5 |  5.1

Action                     |  1- 3 |  4- 6 |  7- 9 | 10-12 | 13-15 | 16-18 | 19-21 | 22-24 || total
---------------------------+-------+-------+-------+-------+-------+-------+-------+-------++-------
  Melee: Unarmed           |    52 |       |       |       |       |       |       |       ||    52
         Tailslap          |    10 |     6 |    46 |    68 |   119 |   187 |   182 |   120 ||   738
         Short sword       |    26 |       |       |    28 |       |       |       |       ||    54
         Dagger            |     7 |    37 |   269 |    38 |       |       |       |       ||   351
         Punch             |     1 |       |       |       |       |       |       |       ||     1
         Scimitar          |       |       |       |   273 |   483 |   706 |   603 |   423 ||  2488
         Staff             |       |       |       |       |     2 |     2 |       |       ||     4
  Throw: Dart              |       |       |       |    23 |     1 |       |     4 |     2 ||    30
         Boomerang         |       |       |       |    15 |       |    16 |     9 |       ||    40
   Cast: Shock             |    90 |    74 |   127 |     8 |     2 |       |     1 |     1 ||   303
         Static Discharge  |       |     6 |     2 |     1 |       |       |       |       ||     9
         Airstrike         |       |       |       |   148 |   277 |   638 |   344 |   261 ||  1668
         Vhi's Electric Ch |       |       |       |       |    94 |    58 |   112 |     4 ||   268
         Arcjolt           |       |       |       |       |    63 |    71 |   108 |    58 ||   300
         Leda's Liquefacti |       |       |       |       |     6 |     5 |     4 |     6 ||    21
         Iskenderun's Myst |       |       |       |       |       |    49 |    43 |    50 ||   142
         Ozocubu's Armour  |       |       |       |       |       |     8 |    12 |    12 ||    32
         Leda's Unmaking   |       |       |       |       |       |       |    28 |    83 ||   111
         Statue Form       |       |       |       |       |       |       |     8 |    44 ||    52
 Invoke: Slouch            |       |       |       |     4 |     4 |    13 |    14 |    23 ||    58
         Step From Time    |       |       |       |       |       |       |     1 |     2 ||     3
  Evoke: Wand              |       |       |       |     3 |       |    20 |     5 |       ||    28
         Box of beasts     |       |       |       |       |       |     4 |     2 |     2 ||     8
         Condenser vane    |       |       |       |       |       |     4 |     3 |     4 ||    11
    Use: Scroll            |       |     3 |     6 |    13 |    17 |     9 |     6 |    11 ||    65
         Potion            |       |       |     2 |     7 |     1 |    14 |     4 |    12 ||    40
   Stab: Sleeping          |     1 |     2 |     9 |     5 |     7 |     2 |     6 |     1 ||    33
         Distracted        |       |       |       |     5 |    11 |    13 |    16 |    11 ||    56
         Confused          |       |       |       |       |       |       |     1 |       ||     1
 Armour: Skin              |    44 |    14 |   148 |   124 |   195 |   361 |   174 |   208 ||  1268
  Dodge: Dodged            |    82 |    28 |   185 |   305 |   335 |   818 |   470 |   398 ||  2621
  Block: Buckler           |       |       |    29 |   127 |    98 |       |       |       ||   254
         Kite shield       |       |       |       |       |   156 |   711 |   653 |   582 ||  2102
         Reflection        |       |       |       |       |       |       |   107 |    16 ||   123

Table legend: (Time is in decaauts)
 A = Elapsed time spent in this place.
 B = Non-inter-level travel time spent in this place.
 C = Inter-level travel time spent in this place.
 D = Time resting spent in this place.
 E = Time spent auto-exploring this place.
 F = Levels seen in this place.
 G = Mean time per level.
                   A        B        C        D        E       F      G
               +--------+--------+--------+--------+--------+-----+--------+
         Total | 106675 |  98143 |   8532 |  10376 |  75035 |  49 | 2177.0 |
       Dungeon |  28133 |  23769 |   4364 |   1063 |  19431 |  15 | 1875.5 |
        Temple |    204 |    179 |     25 |     55 |     91 |   1 |  204.0 |
          Lair |  12553 |  11831 |    722 |    992 |   9688 |   5 | 2510.6 |
         Swamp |   8197 |   7860 |    337 |   1704 |   5077 |   4 | 2049.2 |
   Spider Nest |  11845 |  11446 |    399 |   1882 |   8154 |   4 | 2961.2 |
  Orcish Mines |   2652 |   2341 |    311 |      0 |   2131 |   2 | 1326.0 |
   Elven Halls |   7128 |   6624 |    504 |    618 |   4916 |   3 | 2376.0 |
        Vaults |  12718 |  11766 |    952 |   1019 |   9534 |   5 | 2543.6 |
         Crypt |   9388 |   8870 |    518 |    676 |   6936 |   3 | 3129.3 |
        Depths |  11482 |  11087 |    395 |   1811 |   7917 |   4 | 2870.5 |
         Abyss |   1466 |   1466 |      0 |    324 |    860 |   2 |  733.0 |
       Volcano |    904 |    904 |      0 |    229 |    296 |   1 |  904.0 |
               +--------+--------+--------+--------+--------+-----+--------+

Top non-repeatable levels by time:
Spider:1: 4191 daAuts
Vaults:3: 3815 daAuts
 Crypt:3: 3815 daAuts
Depths:2: 3801 daAuts
  Lair:5: 3566 daAuts
Depths:1: 3478 daAuts
  Lair:2: 3366 daAuts
 Swamp:4: 3341 daAuts
Spider:4: 3268 daAuts
Vaults:2: 3233 daAuts
Depths:4: 3220 daAuts
    D:12: 3138 daAuts
    D:14: 3096 daAuts
Spider:2: 3090 daAuts
 Crypt:2: 2876 daAuts
